 Dungeon Crawl Stone Soup version 0.31-a0-819-gf6de2f5ab6 (webtiles) character file.

Game seed: 8010070912520552441

10638 senseless the Grappler (level 11, -5/75 HPs)
             Began as a Gnoll Shapeshifter on Sept 23, 2023.
             Was a High Priest of Lugonu.
             Killed from afar by a gargoyle (14 damage)
             ... with a stone arrow
             ... on level 11 of the Dungeon.
             The game lasted 00:28:47 (10630 turns).

senseless the Grappler (Gnoll Shapeshifter)        Turns: 10630, Time: 00:28:48

Health: -5/75      AC:  9    Str: 18    XL:     11   Next: 65%
Magic:  20/20      EV: 15    Int: 12    God:    Lugonu [*****.]
Gold:   527        SH:  0    Dex: 12    Spells: 23/23 levels left

rFire   + . .        a - +6 mace (venom)
rCold   x . .        (no shield)
rNeg    . . .        v - melded +5 ring mail {rF+}
rPois   .            G - +2 helmet {Int+3}
rElec   .            h - +2 cloak
rCorr   .            w - +0 pair of gloves
SInv    .            J - +0 pair of boots
Will    .....        D - amulet of the acrobat
Stlth   +++          B - ring of fire
HPRegen 0.32/turn    (no ring)
MPRegen 0.17/turn

%: acrobat
@: maw-form
A: devouring maw, reduced hp, fangs 1, strong nose, distributed training
a: Begin Untransformation, Renounce Religion, Depart the Abyss, Banish, Corrupt,
Enter the Abyss


You were on level 11 of the Dungeon.
You worshipped Lugonu.
Lugonu was extremely pleased with you.
You were a creature with a mouth for a stomach.
You visited 1 branch of the dungeon, and saw 12 of its levels.

You collected 527 gold pieces.

Inventory:

Hand Weapons
 a - a +6 mace of venom (weapon)
 H - a +2 heavy flail
 K - a +1 dagger of venom
Missiles
 f - 4 darts of dispersal
 x - 4 javelins
Armour
 g - a scarf of invisibility
 h - a +2 cloak (worn)
 i - a scarf of shadows
 v - a +5 ring mail of fire resistance (melded)
 w - a +0 pair of gloves (worn)
 F - a +0 helmet of see invisible
 G - a +2 helmet of intelligence (worn)
 J - a +0 pair of boots (worn)
Jewellery
 t - an amulet of magic regeneration
 B - a ring of fire (left hand)
 D - an amulet of the acrobat (around neck)
Talismans
 c - a beast talisman
 l - a maw talisman (active)
 u - a flux talisman
Wands
 d - a wand of flame (7) (quivered)
 k - a wand of digging (7)
 o - a wand of light (11)
 p - a wand of polymorph (16)
 r - a wand of iceblast (4)
 C - a wand of charming (9)
Scrolls
 n - a scroll of teleportation
Potions
 b - a potion of lignification
 e - 2 potions of might
 j - a potion of attraction {unknown}
 m - a potion of curing
 q - 3 potions of mutation
 s - a potion of heal wounds
 A - a potion of degeneration {unknown}
 I - a potion of haste {unknown}


   Skills:
 + Level 7.1 Fighting
 + Level 6.6 Short Blades
 + Level 6.6 Long Blades
 + Level 6.6 Axes
 + Level 6.6 Maces & Flails
 + Level 6.6 Polearms
 + Level 6.6 Staves
 + Level 6.6 Ranged Weapons
 + Level 6.6 Throwing
 + Level 6.6 Armour
 + Level 8.1 Dodging
 + Level 6.6 Stealth
 + Level 6.6 Shields
 + Level 9.4 Unarmed Combat
 + Level 6.6 Spellcasting
 + Level 5.5 Conjurations
 + Level 5.5 Hexes
 + Level 5.5 Summonings
 + Level 5.5 Necromancy
 + Level 5.5 Translocations
 + Level 5.5 Transmutations
 + Level 5.5 Fire Magic
 + Level 5.5 Ice Magic
 + Level 5.5 Air Magic
 + Level 5.5 Earth Magic
 + Level 5.5 Poison Magic
 + Level 7.2 Invocations
 + Level 6.6 Evocations
 + Level 9.0 Shapeshifting


You had 23 spell levels left.
You didn't know any spells.
Your spell library contained the following spells:

 Spells                   Type           Power      Damage    Failure   Level
 Magic Dart               Conj           68%        1d6       1%          1
 Sandblast                Erth           34%        2d9       1%          1
 Slow                     Hex            68%        N/A       1%          1
 Sting                    Tmut/Pois      68%        1d6       1%          1
 Cigotuvi's Dreadful Rot  Necr/Pois/Air  34%        N/A       2%          2
 Passwall                 Tmut/Erth      14%        N/A       2%          2
 Scorch                   Fire           50%        2d7       2%          2
 Searing Ray              Conj           34%        2d5       2%          2
 Sublimation of Blood     Necr           17%        N/A       2%          2
 Confusing Touch          Hex            17%        N/A       5%          3
 Ozocubu's Armour         Ice            17%        N/A       5%          3
 Sigil of Binding         Hex            17%        N/A       5%          3
 Stone Arrow              Conj/Erth      34%        3d9       5%          3
 Vampiric Draining        Necr           17%        2d7       5%          3
 Brom's Barrelling Bould  Conj/Erth      17%        2d4       19%         4
 Dispel Undead            Necr           17%        3d10      19%         4
 Flame Wave               Conj/Fire      25%        2d8       19%         4
 Fulminant Prism          Conj/Hex       8%         3d7       19%         4
 Petrify                  Tmut/Erth      17%        N/A       19%         4
 Irradiate                Conj/Tmut      8%         3d14      45%         5
 Death Channel            Necr           8%         N/A       95%         6
 Summon Cactus Giant      Summ           8%         N/A       95%         6
 Ozocubu's Refrigeration  Ice            8%         4d9       100%        7


Dungeon Overview and Level Annotations

Branches:
Dungeon (12/15)            Temple (0/1) D:5            Lair (0/5) D:8
    Orc: D:9-12

Altars:
Ashenzari
Cheibriados
Dithmenos
Gozag
Kikubaaqudgha
Nemelex Xobeh
Okawaru
Qazlal
Sif Muna
Trog
Vehumet
Wu Jian
Xom
Yredelemnul
Zin
Lugonu

Annotations:
D:4 1 transporter
D:10 6 runed translucent doors, MrCrawl's ghost, journeyman DsFE; Stil's ghost, journeyman TeFE


Innate Abilities, Weirdness & Mutations

You are a creature with a mouth for a stomach.
Your midsection houses a second, enormous mouth.
Your maximum health is decreased, since you lack skill for your form.
You have very sharp teeth.
Your uncanny sense of smell can sniff out nearby items.
Your experience applies equally to all skills.


Message History

Your Shapeshifting skill increases to level 9!
A gargoyle comes into view. It is wielding a +0 mace.
You see here a boulder beetle corpse.
You catch the helpless gargoyle completely off-guard!
You hit the gargoyle but do no damage.
You punch the gargoyle, but do no damage.
You bite the gargoyle.
The gargoyle is lightly damaged.
The gargoyle hits you with a +0 mace.
You barely miss the gargoyle. Your punch misses the gargoyle.
Your bite misses the gargoyle.
The gargoyle is lightly damaged.
The gargoyle hits you with a +0 mace!
You hit the gargoyle but do no damage.
You bite the gargoyle, but do no damage.
The gargoyle is lightly damaged.
The gargoyle barely misses you.
You hit the gargoyle.
You bite the gargoyle, but do no damage. x2
The gargoyle is lightly damaged.
The gargoyle hurls a stone arrow at you.
The stone arrow hits you!
You hit the gargoyle but do no damage.
You bite the gargoyle, but do no damage.
The gargoyle is lightly damaged.
The gargoyle hurls a stone arrow at you.
The stone arrow hits you!!
* * * LOW HITPOINT WARNING * * *
You are too injured to fight recklessly!
You hit the gargoyle.
You bite the gargoyle, but do no damage.
The gargoyle is lightly damaged.
The gargoyle hurls a stone arrow at you.
The stone arrow hits you!
* * * LOW HITPOINT WARNING * * *
You closely miss the gargoyle. Your bite misses the gargoyle.
The gargoyle is lightly damaged.
The gargoyle hurls a stone arrow at you.
The stone arrow hits you!
You die...

.....................
..(.....................
...................[.....
..........................
...........................
...........................
..........................>
#.........9..####.########
#.......W...# ###
#...........# #...........#
#....†(.....# #....><.....#
#....÷÷.....# #...........#
#...........# #...........#


You could see a gargoyle.

Vanquished Creatures
  3 two-headed ogres
  A boulder beetle (D:11)
  A cyclops (D:10)
  A manticore (D:10)
  Maurice (D:9)
  A centaur zombie (D:10)
  Psyche (D:8)
  A hornet (D:9)
  4 wraiths
  A vampire (D:10)
  3 wyverns
  5 yaks
  3 wargs (D:8)
  2 acid dragons
  2 water moccasins (D:7)
  5 orc warriors
  A sky beast (D:7)
  4 ice beasts
  4 centaurs
  A phantom (D:7)
  An ogre (D:6)
  4 kobold brigands
  2 bullfrogs
  5 wights
  9 killer bees
  4 electric eels (D:10)
  7 howler monkeys
  4 hounds
  3 jellies
  Crazy Yiuf (D:7)
  9 orc priests
  2 iguanas (D:6)
  Ijyb (D:3)
  6 orc wizards
  2 sleepcaps
  A howler monkey zombie (D:10)
  Robin (D:2)
  5 adders
  A shadow imp (D:4)
  2 white imps
  A worm (D:3)
  A dart slug (D:1)
  30 orcs
  7 ball pythons
  6 bats
  6 endoplasms
  4 giant cockroaches
  21 goblins
  7 hobgoblins
  4 jackals (D:1)
  6 quokkas
  3 frilled lizards
  33 kobolds
  4 rats
248 creatures vanquished.

Notes
Turn   | Place    | Note
-------+----------+-------------------------------------------
     0 | D:1      | senseless the Gnoll Shapeshifter began the quest for the
                  | Orb.
     0 | D:1      | Reached XP level 1. HP: 17/17 MP: 1/1
    49 | D:1      | Reached XP level 2. HP: 15/23 MP: 2/2
   259 | D:1      | Found a faded altar of an unknown god.
   301 | D:1      | Prayed at the altar of an unknown god.
   301 | D:1      | Became a worshipper of Lugonu the Unformed
   301 | D:1      | Reached * piety under Lugonu
   333 | D:1      | Reached XP level 3. HP: 23/28 MP: 3/3
   671 | D:1      | Reached skill level 1 in Invocations
   917 | D:2      | Reached skill level 1 in Short Blades
   917 | D:2      | Reached skill level 1 in Long Blades
   917 | D:2      | Reached skill level 1 in Axes
   917 | D:2      | Reached skill level 1 in Maces & Flails
   917 | D:2      | Reached skill level 1 in Polearms
   917 | D:2      | Reached skill level 1 in Staves
   917 | D:2      | Reached skill level 1 in Ranged Weapons
   917 | D:2      | Reached skill level 1 in Throwing
   917 | D:2      | Reached skill level 1 in Armour
   917 | D:2      | Reached skill level 1 in Stealth
   917 | D:2      | Reached skill level 1 in Shields
   917 | D:2      | Reached skill level 1 in Spellcasting
   917 | D:2      | Reached skill level 1 in Evocations
  1078 | D:2      | Reached XP level 4. HP: 32/34 MP: 5/5
  1245 | D:2      | Reached ** piety under Lugonu
  1406 | D:2      | Reached skill level 1 in Conjurations
  1406 | D:2      | Reached skill level 1 in Hexes
  1406 | D:2      | Reached skill level 1 in Summonings
  1406 | D:2      | Reached skill level 1 in Necromancy
  1406 | D:2      | Reached skill level 1 in Translocations
  1406 | D:2      | Reached skill level 1 in Transmutations
  1406 | D:2      | Reached skill level 1 in Fire Magic
  1406 | D:2      | Reached skill level 1 in Ice Magic
  1406 | D:2      | Reached skill level 1 in Air Magic
  1406 | D:2      | Reached skill level 1 in Earth Magic
  1406 | D:2      | Reached skill level 1 in Poison Magic
  1423 | D:2      | Noticed Robin
  1445 | D:2      | Killed Robin
  1837 | D:3      | Reached XP level 5. HP: 39/40 MP: 6/6
  1849 | D:3      | Noticed Ijyb
  1859 | D:3      | Killed Ijyb
  1999 | D:3      | Found an iron altar of Okawaru.
  2591 | D:4      | Found a snail-covered altar of Cheibriados.
  2734 | D:4      | Found a shimmering altar of Xom.
  2830 | D:4      | Found a sparkling altar of Nemelex Xobeh.
  2830 | D:4      | Found a transporter.
  2910 | D:4      | Reached XP level 6. HP: 47/47 MP: 8/8
  3088 | D:5      | Entered Level 5 of the Dungeon
  3406 | D:5      | Found a staircase to the Ecumenical Temple.
  3613 | D:5      | Found an ancient bone altar of Kikubaaqudgha.
  3613 | D:5      | Found a shimmering blue altar of Sif Muna.
  3615 | D:5      | Found a radiant altar of Vehumet.
  3620 | D:5      | Got a tattered book
  3674 | D:5      | Noticed an ice beast
  3685 | D:5      | Killed an ice beast
  3685 | D:5      | Reached *** piety under Lugonu
  3686 | D:5      | Reached skill level 5 in Dodging
  4020 | D:6      | Reached XP level 7. HP: 47/52 MP: 10/10
  4619 | D:6      | Found a bloodstained altar of Trog.
  4893 | D:7      | Noticed a wyvern
  4905 | D:7      | Killed a wyvern
  4906 | D:7      | Reached XP level 8. HP: 37/60 MP: 12/12
  5509 | D:7      | Reached **** piety under Lugonu
  5545 | D:7      | Reached XP level 9. HP: 66/66 MP: 14/14
  5727 | D:7      | Found a runed translucent door.
  5728 | D:7      | Noticed Crazy Yiuf
  5822 | D:7      | Killed Crazy Yiuf
  5914 | D:8      | Noticed Psyche
  5923 | D:8      | Killed Psyche
  6038 | D:8      | Reached skill level 5 in Fighting
  6395 | D:8      | Reached skill level 5 in Invocations
  6678 | D:8      | Reached XP level 10. HP: 41/74 MP: 17/17
  6679 | D:8      | Found a staircase to the Lair.
  6898 | D:8      | Reached skill level 5 in Short Blades
  6898 | D:8      | Reached skill level 5 in Long Blades
  6898 | D:8      | Reached skill level 5 in Axes
  6898 | D:8      | Reached skill level 5 in Maces & Flails
  6898 | D:8      | Reached skill level 5 in Polearms
  6898 | D:8      | Reached skill level 5 in Staves
  6898 | D:8      | Reached skill level 5 in Ranged Weapons
  6898 | D:8      | Reached skill level 5 in Throwing
  6898 | D:8      | Reached skill level 5 in Armour
  6898 | D:8      | Reached skill level 5 in Stealth
  6898 | D:8      | Reached skill level 5 in Shields
  6898 | D:8      | Reached skill level 5 in Spellcasting
  6898 | D:8      | Reached skill level 5 in Evocations
  6920 | D:8      | Found an opulent altar of Gozag.
  7006 | D:8      | Noticed a two-headed ogre
  7016 | D:8      | Killed a two-headed ogre
  7374 | D:9      | Found a stormy altar of Qazlal.
  7402 | D:9      | Noticed Maurice
  7402 | D:9      | Noticed a two-headed ogre
  7781 | D:9      | Reached ***** piety under Lugonu
  7810 | D:9      | Killed a two-headed ogre
  7923 | D:9      | Found an ornate altar of the Wu Jian Council.
  8126 | D:9      | You fall into a shaft and drop 3 floors!
  8226 | D:10     | Entered Level 10 of the Dungeon
  8263 | D:10     | Noticed Stil's ghost (journeyman TeFE)
  8266 | D:10     | Found a runed translucent gate.
  8266 | D:10     | Found a runed translucent gate.
  8266 | D:10     | Found a runed translucent gate.
  8266 | D:10     | Noticed MrCrawl's ghost (journeyman DsFE)
  8266 | D:10     | Noticed a two-headed ogre
  8268 | D:10     | Found a basalt altar of Yredelemnul.
  8289 | D:10     | Reached XP level 11. HP: 78/83 MP: 19/19
  8571 | D:10     | Found a runed translucent gate.
  8571 | D:10     | Noticed a flayed ghost
  8572 | D:10     | Found a runed translucent gate.
  8572 | D:10     | Found a runed translucent gate.
  8617 | D:9      | Reached skill level 5 in Conjurations
  8617 | D:9      | Reached skill level 5 in Hexes
  8617 | D:9      | Reached skill level 5 in Summonings
  8617 | D:9      | Reached skill level 5 in Necromancy
  8617 | D:9      | Reached skill level 5 in Translocations
  8617 | D:9      | Reached skill level 5 in Transmutations
  8617 | D:9      | Reached skill level 5 in Fire Magic
  8617 | D:9      | Reached skill level 5 in Ice Magic
  8617 | D:9      | Reached skill level 5 in Air Magic
  8617 | D:9      | Reached skill level 5 in Earth Magic
  8617 | D:9      | Reached skill level 5 in Poison Magic
  8995 | D:9      | Something stole an amulet of magic regeneration
  8996 | D:9      | Something stole a flux talisman
  8997 | D:9      | Maurice stole a +2 heavy flail
  9012 | D:9      | Maurice stole 4 darts of dispersal
  9014 | D:9      | Maurice stole 428 gold
  9016 | D:9      | Killed Maurice
  9257 | D:9      | Found a glowing silver altar of Zin.
  9372 | D:9      | Found a shadowy altar of Dithmenos.
  9586 | D:10     | Noticed a cyclops
  9587 | D:10     | Noticed a two-headed ogre
  9607 | D:10     | Killed a two-headed ogre
  9624 | D:10     | Killed a cyclops
  9783 | D:10     | Noticed a manticore
  9812 | D:10     | Killed a manticore
  9877 | D:10     | Found a broken altar of Ashenzari.
 10338 | D:11     | Noticed a boulder beetle
 10505 | D:11     | Killed a boulder beetle
 10630 | D:11     | Killed from afar by a gargoyle

Illustrated notes

Levels and vault maps discovered:
D:1:      minmay_arrival_wavy_path, layout_basic,
          shapermc_ecumenical_altar_flowoftime, serial_bayou,
          serial_bayou_shore_a, serial_bayou_lagoon_a, serial_bayou_pond_b,
          serial_bayou_pond_d, minmay_misc_feat_columns
D:2:      layout_loops_cross, dk_noncrumbling_3, minmay_pentomino_v2, uniq_robin
D:3:      layout_loops_ring, lemuel_crystal_altar, uniq_ijyb
D:4:      layout_rooms, grunt_nemelex_the_gamble,
          mainiacjoe_overflow_six_doors_small, mainiacjoe_overflow_24_doors,
          minmay_misc_feat_enclosed
D:5:      layout_loops_cross, grunt_temple_overflow_magic_moments,
          minmay_temple_entry_hall
D:6:      layout_loops_cross, lemuel_round_altar, nicolae_zen_rock_garden,
          minmay_ogre_servants
D:7:      layout_rooms, serial_rivers, chequers_serial_rivers_large_a,
          chequers_serial_rivers_small_a, chequers_serial_rivers_small_3,
          chequers_serial_rivers_room_a, chequers_serial_rivers_micro_c,
          uniq_crazy_yiuf_cottage
D:8:      layout_gridville, nicolae_gozag_cash_rules_everything_around_me,
          erik_lair_orcish_takeover, minmay_between, uniq_psyche
D:9:      minmay_skewed_foursquare, layout_irregular_city,
          kennysheep_little_box, mainiacjoe_overflow_concentric_impassable,
          nicolae_overflow_crystal_walls, kennysheep_mini_moat, uniq_maurice
D:10:     layout_basic, lemuel_tele_altar, nicolae_yredelemnul_ghost_church,
          gammafunk_ghost_split, minmay_chambers_of_fives
D:11:     layout_cross, orc_0_dummy
D:12:     layout_roguey, uniq_fannar, uniq_sonja

Skill      XL: |  1  2  3  4  5  6  7  8  9 10 11 |
---------------+----------------------------------+-----
Invocations    | 1 2 3 4 5 6 7 |  7.2
Short Blades   | 1 2 3 4 5 6 |  6.6
Long Blades    | 1 2 3 4 5 6 |  6.6
Axes           | 1 2 3 4 5 6 |  6.6
Maces & Flails | 1 2 3 4 5 6 |  6.6
Polearms       | 1 2 3 4 5 6 |  6.6
Staves         | 1 2 3 4 5 6 |  6.6
Ranged Weapons | 1 2 3 4 5 6 |  6.6
Throwing       | 1 2 3 4 5 6 |  6.6
Armour         | 1 2 3 4 5 6 |  6.6
Stealth        | 1 2 3 4 5 6 |  6.6
Shields        | 1 2 3 4 5 6 |  6.6
Spellcasting   | 1 2 3 4 5 6 |  6.6
Evocations     | 1 2 3 4 5 6 |  6.6
Conjurations   | 1 2 3 4 5 |  5.5
Hexes          | 1 2 3 4 5 |  5.5
Summonings     | 1 2 3 4 5 |  5.5
Necromancy     | 1 2 3 4 5 |  5.5
Translocations | 1 2 3 4 5 |  5.5
Transmutations | 1 2 3 4 5 |  5.5
Fire Magic     | 1 2 3 4 5 |  5.5
Ice Magic      | 1 2 3 4 5 |  5.5
Air Magic      | 1 2 3 4 5 |  5.5
Earth Magic    | 1 2 3 4 5 |  5.5
Poison Magic   | 1 2 3 4 5 |  5.5
Fighting       | 3 4 5 6 7 |  7.1
Dodging        | 5 6 7 8 |  8.1
Unarmed Combat | 7 8 9 |  9.4
Shapeshifting  | 7 8 9 |  9.0

Action                     |  1- 3 |  4- 6 |  7- 9 | 10-12 || total
---------------------------+-------+-------+-------+-------++-------
  Melee: Unarmed           |   101 |   144 |   274 |   406 ||   925
         Bite              |    13 |    12 |    26 |    63 ||   114
         Punch             |     6 |     8 |     1 |     1 ||    16
         Mace              |       |       |       |    15 ||    15
         Maw               |       |       |       |     8 ||     8
  Throw: Javelin           |       |     2 |       |       ||     2
    Use: Scroll            |       |       |    14 |     6 ||    20
         Potion            |       |       |       |     4 ||     4
   Stab: Sleeping          |     1 |       |       |     1 ||     2
         Distracted        |       |       |       |     1 ||     1
 Armour: Animal skin       |    34 |    34 |       |       ||    68
         Ring mail         |       |    44 |   146 |   301 ||   491
         Skin              |       |       |       |    11 ||    11
  Dodge: Dodged            |    45 |    65 |   144 |   322 ||   576
   Form: Flux              |       |       |     1 |       ||     1
         Maw               |       |       |       |     1 ||     1

Table legend: (Time is in decaauts)
 A = Elapsed time spent in this place.
 B = Non-inter-level travel time spent in this place.
 C = Inter-level travel time spent in this place.
 D = Time resting spent in this place.
 E = Time spent auto-exploring this place.
 F = Levels seen in this place.
 G = Mean time per level.
                   A        B        C        D        E       F      G
               +--------+--------+--------+--------+--------+-----+--------+
         Total |  10565 |  10109 |    456 |    492 |   7879 |  12 |  880.4 |
       Dungeon |  10565 |  10109 |    456 |    492 |   7879 |  12 |  880.4 |
               +--------+--------+--------+--------+--------+-----+--------+

Top non-repeatable levels by time:
     D:8: 1538 daAuts
     D:9: 1474 daAuts
    D:10: 1389 daAuts
     D:6: 1037 daAuts
     D:7: 1003 daAuts
     D:1: 923 daAuts
     D:2: 856 daAuts
     D:3: 762 daAuts
     D:5: 743 daAuts
     D:4: 542 daAuts
    D:11: 280 daAuts
    D:12: 12 daAuts
